 Dungeon Crawl Stone Soup version 0.15-a0-1646-g393eda0 (webtiles) character file.

1064 Amnesiac the Cleaver (level 8, -2/84 HPs)
             Began as a Human Gladiator on June 22, 2014.
             Was an Initiate of Okawaru.
             Slain by Nikss' ghost (8 damage)
             ... on Level 4 of the Dungeon.
             The game lasted 00:14:36 (6580 turns).

Amnesiac the Cleaver (Human Gladiator)              Turns: 6580, Time: 00:14:36

HP  -2/84        AC 25     Str 18      XL: 8   Next: 52%
MP   8/8         EV  2     Int 13      God: Okawaru [......]
Gold 424         SH  0     Dex 16      Spells:  1 memorised,  4 levels left

rFire  . . .     SeeInvis .     a - +0 war axe
rCold  . . .     Clarity  .     v - melded +0 chain mail (curse)
rNeg   + + +     rCorr    .     (no shield)
rPois  +         rRot     .     c - +0 helmet
rElec  .         Spirit   .     (cloak currently unavailable)
SustAb .         Warding  .     (gloves currently unavailable)
rMut   .         NoTele   +     (boots currently unavailable)
Gourm  .                        (no amulet)
MR     .....                    O - +2 ring of dexterity
                                (no ring)

@: brilliant, tree-form, very slightly contaminated, invisible, not resistant to
hostile enchantments, very unstealthy
A: no striking features
a: Renounce Religion


You were on level 4 of the Dungeon.
You worshipped Okawaru.
Okawaru was noncommittal.
You were hungry.
You were an animated tree.
You visited 2 branches of the dungeon, and saw 7 of its levels.
You also visited: Ossuary.

You collected 424 gold pieces.

Inventory:

Hand weapons
 a - a +0 war axe (weapon)
 w - a +1 shortbow of evasion
Missiles
 d - 3 throwing nets
 i - 4 javelins (quivered)
 s - 28 poisoned needles
 x - 13 arrows
 F - 2 needles of sleeping
Armour
 c - a +0 helmet (worn)
 m - a cursed +0 robe of resistance
 v - a cursed +0 chain mail (melded)
Comestibles
 f - 3 bread rations
 j - 2 slices of pizza
 u - 2 royal jellies
 E - a beef jerky
 H - 2 meat rations
Scrolls
 b - a scroll of recharging {unknown}
 h - 3 scrolls of teleportation {unknown}
 l - 3 scrolls of remove curse
 q - 2 scrolls of enchant armour {unknown}
 t - a scroll of enchant weapon {unknown}
 y - 2 scrolls of fog {unknown}
 C - 2 scrolls of amnesia {unknown}
 G - a scroll of random uselessness {unknown}
 J - 2 scrolls of fear {unknown}
 K - a scroll of magic mapping {unknown}
 M - 3 scrolls of immolation {unknown}
Jewellery
 p - a cursed amulet of stasis
 O - a +2 ring of dexterity (right branch)
Potions
 e - a potion of haste
 g - a potion of mutation
 k - 2 potions of restore abilities
 o - a potion of lignification
 r - 2 potions of invisibility
 z - 3 potions of heal wounds {unknown}
 A - 5 potions of curing
 B - a potion of flight
 D - 3 potions of brilliance
 L - a potion of agility
 N - a potion of magic
Books
 n - a book of Flames

   Spells                             Type                      Level
   Flame Tongue                       Conjuration/Fire             1
   Throw Flame                        Conjuration/Fire             2
   *Conjure Flame                     Conjuration/Fire             3
   Inner Flame                        Hexes/Fire                   3
   Sticky Flame                       Conjuration/Fire             4
   Fireball                           Conjuration/Fire             5


   Skills:
 - Level 2.0 Fighting
 + Level 9.9 Axes
 - Level 2.0 Throwing
 - Level 3.0 Dodging


You had 4 spell levels left.
You knew the following spells:

 Your Spells              Type           Power        Failure   Level  Hunger
s - Conjure Flame         Conj/Fire      #.......     17%         3    ####...


Dungeon Overview and Level Annotations

Branches:
Dungeon (6/15)             Temple (1/1) D:6

Altars:
Elyvilon
Fedhas
Kikubaaqudgha
Nemelex Xobeh
Okawaru
Trog
Vehumet
Zin

Annotations:
D:4 Nikss' ghost, average DsFE
D:5 soonmide's ghost, experienced TeAE


Message History

Drink which item? (? for menu, Esc to quit)
You fade into invisibility!
It was a potion of invisibility.
Nikss' ghost casts a spell at you.
Helpless, you fail to dodge the flame tongue.
* * * LOW HITPOINT WARNING * * *
You are very lightly contaminated with residual magic.
You are feeling hungry.
You barely miss Nikss' ghost.
Nikss' ghost is moderately damaged.
Nikss' ghost casts a spell at you.
Helpless, you fail to dodge the flame tongue.
* * * LOW HITPOINT WARNING * * *
Drink which item? (? for menu, Esc to quit)
You feel better.
It was a potion of curing.
Nikss' ghost hits you.
* * * LOW HITPOINT WARNING * * *
Drink which item? (? for menu, Esc to quit)
You feel clever all of a sudden.
It was a potion of brilliance.
Nikss' ghost hits you!
You die...

# ... # ......... #
......... #
#........# #
####.....(..# #
.........%.# #
##...>.....#
######### #.....W..#
........# #[...♣...#
#######=# #........#
.....##)# #........#
####.##.#######.....#
..#.....#≈≈≈≈≈#.....#
#.#..#..#≈8.8≈#.##.##
#.#.....'.._..'.# .#
#.#.##.##≈8.8≈### .#
#.#.##.##≈≈≈≈≈# .#


You could see Nikss' ghost.

Vanquished Creatures
  A water moccasin (D:5)
  A phantom (D:5)
  An ogre (D:5)
  A centaur (D:4)
  2 scorpions
  An iguana (D:5)
  2 hounds
  5 worker ants
  2 big kobold zombies
  An ogre skeleton (D:4)
  8 mummies (Ossuary)
  5 gnolls
  8 adders
  2 worms
  An adder skeleton (D:4)
  4 giant geckos
  7 orcs
  A ball python (D:1)
  9 bats
  6 giant cockroaches
  2 gnoll zombies
  11 goblins
  10 hobgoblins
  8 jackals
  12 kobolds
  5 quokkas
  4 giant newts
  A hobgoblin skeleton (D:4)
  A hobgoblin zombie (Ossuary)
  3 kobold zombies
  An orc skeleton (D:4)
  3 orc zombies (Ossuary)
  14 rats
  2 rat skeletons
145 creatures vanquished.

Notes
Turn   | Place    | Note
--------------------------------------------------------------
     0 | D:1      | Amnesiac, the Human Gladiator, began the quest for the Orb.
     0 | D:1      | Reached XP level 1. HP: 16/16 MP: 1/1
   252 | D:1      | Reached XP level 2. HP: 4/22 MP: 2/2
   498 | D:1      | Reached skill level 4 in Axes
   498 | D:1      | Reached XP level 3. HP: 25/27 MP: 3/3
   729 | D:3      | Reached XP level 4. HP: 29/33 MP: 4/4
  1026 | D:4      | Found a sparkling altar of Nemelex Xobeh.
  1055 | D:4      | Reached skill level 5 in Axes
  1075 | D:4      | Reached XP level 5. HP: 19/38 MP: 5/5
  1161 | D:4      | Noticed Nikss' ghost (average DsFE)
  1272 | D:4      | Learned a level 3 spell: Conjure Flame
  1590 | D:4      | Reached skill level 6 in Axes
  1622 | D:4      | HP: 1/38 [poisoned by a worker ant]
  1930 | D:5      | Entered Level 5 of the Dungeon
  1935 | D:5      | Noticed a water moccasin
  1949 | D:5      | Killed a water moccasin
  1949 | D:5      | Reached XP level 6. HP: 23/44 MP: 6/6
  2114 | D:5      | Reached skill level 7 in Axes
  2298 | D:5      | Reached XP level 7. HP: 26/50 MP: 7/7
  2398 | D:5      | Noticed an ogre
  2403 | D:5      | Killed an ogre
  2441 | D:5      | Noticed soonmide's ghost (experienced TeAE)
  2443 | D:5      | Found a sand-covered staircase.
  2577 | Ossuary  | Entered an ossuary
  2936 | Ossuary  | Reached skill level 8 in Axes
  3405 | D:5      | Noticed a moth of wrath
  3406 | D:5      | Found a bloodstained altar of Trog.
  3759 | D:5      | Reached XP level 8. HP: 30/56 MP: 8/8
  4051 | D:6      | Found a glowing silver altar of Zin.
  4459 | D:6      | Reached skill level 9 in Axes
  4581 | D:6      | Found a staircase to the Ecumenical Temple.
  4585 | Temple   | Entered the Ecumenical Temple
  4589 | Temple   | Became a worshipper of Warmaster Okawaru
  6513 | D:4      | Noticed a centaur
  6525 | D:4      | Killed a centaur
  6535 | D:4      | Found a white marble altar of Elyvilon.
  6578 | D:4      | HP: 1/84 [Nikss' ghost/flame tongue (14)]
  6580 | D:4      | Slain by Nikss' ghost

Action                   |  1- 3 |  4- 6 |  7- 9 || total
-------------------------+-------+-------+-------++-------
Melee: War axe           |    52 |   127 |   312 ||   491
Throw: Javelin           |     5 |     9 |    35 ||    49
  Use: Scroll            |       |       |     8 ||     8
       Potion            |       |       |     4 ||     4
